 Dungeon Crawl Stone Soup version 0.30.0-5-g1a98f26d00 (webtiles) character file.

Game seed: 18251049603012245964

75 Kass the Conjurer (level 4, -1/23 (34) HPs)
             Began as a Demonspawn Reaver on May 12, 2023.
             Was a Plaything of Xom.
             Slain by an orc
             ... wielding a +0 flail
              (8 damage)
             ... on level 4 of the Dungeon.
             The game lasted 00:07:00 (2248 turns).

Kass the Conjurer (Demonspawn Reaver)               Turns: 2248, Time: 00:07:05

HP:   -1/23 (34)    AC:  3    Str: 14    XL:     4   Next: 11%
MP:   6/7           EV: 12    Int: 14    God:    Xom [....*.]
Gold: 179           SH:  0    Dex: 12    Spells: 6/7 levels left

rFire   . . .        q - +2 whip (elec)
rCold   . . .        (no shield)
rNeg    . . .        b - +0 leather armour
rPois   .            (helmet restricted)
rElec   .            (no cloak)
rCorr   .            (no gloves)
SInv    .            (no boots)
Will    .....        (no amulet)
Stlth   +            (no ring)
HPRegen 0.23/turn    (no ring)
MPRegen 0.10/turn

%: no passive effects
@: very heavily drained
A: antennae 2, foul stench 1
a: Renounce Religion


You were on level 4 of the Dungeon.
You worshipped Xom.
You were a beloved toy of Xom.
You visited 1 branch of the dungeon, and saw 4 of its levels.

You collected 179 gold pieces.

Inventory:

Hand Weapons
 a - a +0 spear
 q - a +2 whip of electrocution (weapon)
Missiles
 f - 2 boomerangs
Armour
 b - a +0 leather armour (worn)
Scrolls
 c - 3 scrolls of identify {unknown}
 d - a scroll of immolation {unknown}
 g - a scroll of vulnerability {unknown}
 j - a scroll of noise {unknown}
 k - a scroll of blinking {unknown}
 n - 2 scrolls of poison {unknown}
 p - a scroll of amnesia {unknown}
Potions
 e - 2 potions of flight {unknown}
 h - a potion of cancellation {unknown}
 i - 2 potions of haste {unknown}
 l - a potion of resistance {unknown}
 m - 3 potions of attraction {unknown}
 o - 2 potions of curing {unknown}
 r - a potion of lignification {unknown}
 s - a potion of brilliance {unknown}
 t - a potion of degeneration {unknown}


   Skills:
 + Level 2.8 Fighting
 + Level 0.3 Maces & Flails
 - Level 2.6 Polearms
 - Level 0.8 Armour
 + Level 2.4 Dodging
 - Level 0.1 Stealth
 - Level 2.0 Spellcasting
 + Level 3.6 Conjurations
 - Level 0.4 Necromancy


You had 6 spell levels left.
You knew the following spells:

 Your Spells              Type           Power      Damage    Failure   Level
a - Kiss of Death         Conj/Necr      28%        2d7       13%         1

Your spell library contained the following spells:

 Spells                   Type           Power      Damage    Failure   Level
 Momentum Strike          Conj/Tloc      12%        3d8       22%         2
 Hailstorm                Conj/Ice       6%         3d4       38%         3
 Lesser Beckoning         Tloc           2%         N/A       41%         2
 Gell's Gravitas          Tloc           1%         N/A       65%         3
 Portal Projectile        Hex/Tloc       2%         N/A       65%         3
 Teleport Other           Tloc           1%         N/A       65%         3
 Tukima's Dance           Hex            1%         N/A       65%         3
 Blade Hands              Tmut           0%         N/A       100%        5


Dungeon Overview and Level Annotations

Branches:
Dungeon (4/15)
 Temple: D:4-7

Altars:
Nemelex Xobeh
Xom

Shops:
D:1 (   D:3 =


Innate Abilities, Weirdness & Mutations

You have a pair of antennae on your head.
You may rarely emit foul miasma when damaged in melee.


Message History

You hit the orc.
The orc is moderately wounded.
The orc hits you with a +0 falchion.
You closely miss the orc.
The orc is lightly wounded.
You barely miss the orc.
The orc is lightly wounded.
The orc misses you.
Casting: Kiss of Death (safe; 13% risk of failure)
Confirm with . or Enter, or press ? or * to list all spells.
Aiming: Kiss of Death (safe; 13% risk of failure)
Press: ? - help, Shift-Dir - straight line, f - orc
Aim: an orc, wielding a +0 falchion (lightly wounded, 100% to hit)
The negative energy hits the orc!
The orc is drained!
You kill the orc!
You feel drained. The orc hits you but does no damage.
You hit the orc.
The orc is heavily wounded.
The orc barely misses you.
You closely miss the orc.
The orc is heavily wounded.
The orc misses you. The orc closely misses you.
You hit the orc but do no damage.
The orc is heavily wounded.
You closely miss the orc.
The orc is heavily wounded.
The orc hits you with a +0 club. The orc misses you.
You hit the orc. Lightning courses through the orc!
You kill the orc!
The orc misses you. The orc hits you with a +0 dagger.
You whack the orc!
You kill the orc!
The orc hits you with a +0 flail. The orc closely misses you.
You hit the orc.
The orc is almost dead. "Heh heh heh..."
The orc looks rather confused. x2; The orc closely misses you.
The orc hits you with a +0 flail. The orc hits you with a +0 flail!
You die... "Huh?
Did I miss anything?"

#.........
#.>...!...
#.........
#.......#
#.......
#.....
##)oo#
#..@#
######..##
#.......#
#..?....#
#.......#
#.......#
#.......#
#......<#
#########


You could see 2 orcs.

Vanquished Creatures
  2 adders (D:2)
  A worm (D:3)
  A dart slug (D:2)
  3 orcs (D:4)
  4 ball pythons
  4 endoplasms
  2 giant cockroaches (D:1)
  5 goblins
  2 hobgoblins
  3 quokkas
  3 bats
  3 frilled lizards (D:2)
  8 kobolds
  6 rats
47 creatures vanquished.

Notes
Turn   | Place    | Note
-------+----------+-------------------------------------------
     0 | D:1      | Kass the Demonspawn Reaver began the quest for the Orb.
     0 | D:1      | Reached XP level 1. HP: 16/16 MP: 3/3
   197 | D:1      | Gained mutation: You may rarely emit foul miasma when
                  | damaged in melee. [demonic ancestry]
   197 | D:1      | Reached XP level 2. HP: 20/20 MP: 3/5
   416 | D:1      | Found Jielo's Weapon Boutique.
   807 | D:2      | Gained mutation: You have a pair of small antennae on your
                  | head. [demonic ancestry]
   807 | D:2      | Reached XP level 3. HP: 21/23 MP: 3/6
   971 | D:2      | Found a shimmering altar of Xom.
   984 | D:2      | Became a worshipper of Xom of Chaos
  1238 | D:2      | XOM: silly message
  1279 | D:2      | XOM: god gift: scroll labelled POHACU POCLA {god gift}
  1468 | D:2      | XOM: scenery: create altars
  1831 | D:3      | XOM: silly message
  2078 | D:3      | Gained mutation: You have a pair of antennae on your head.
                  | [demonic ancestry]
  2078 | D:3      | Reached XP level 4. HP: 25/27 MP: 7/7
  2111 | D:3      | XOM: cloud trail
  2143 | D:3      | Found a sparkling altar of Nemelex Xobeh.
  2175 | D:3      | Found Felus's Jewellery Shoppe.
  2248 | D:4      | XOM: confuse monster(s)
  2248 | D:4      | Slain by an orc

Illustrated notes

Levels and vault maps discovered:
D:1:      dpeg_arrival_connections, layout_loops_ring, serial_shops,
          nicolae_shop_bloodbath_and_beyond
D:2:      layout_loops_ring, basic_altar, lexackson_kobold_supper
D:3:      layout_rooms, lemuel_coloured_pillars_altar, serial_shops,
          nicolae_shop_pleasant_corner_grove, serial_bayou_lake_a
D:4:      layout_rooms, cheibrodos_sewer_entry_bend, serial_shops,
          nicolae_shop_waterfront, wad_woods_river_04, kennysheep_potato

Skill      XL: |  1 |
---------------+----+-----
Dodging        | 2 |  2.4
Fighting       | |  2.8
Maces & Flails | |  0.3
Polearms       | |  2.6
Armour         | |  0.8
Stealth        | |  0.1
Spellcasting   | |  2.0
Conjurations   | |  3.6
Necromancy     | |  0.4

Action                     |  1- 3 |  4- 6 || total
---------------------------+-------+-------++-------
  Melee: Spear             |   105 |       ||   105
         Punch             |     2 |       ||     2
         Whip              |    40 |    11 ||    51
   Cast: Kiss of Death     |     4 |     1 ||     5
 Armour: Leather armour    |    38 |     1 ||    39
  Dodge: Dodged            |    54 |     8 ||    62
